 Dungeon Crawl Stone Soup version 0.29-a0-495-g17b79114eb (webtiles) character file.

Game seed: 7854734953108288204

15795 zeratav the Grappler (level 12, -4/107 HPs)
             Began as a Troll Fighter on May 27, 2022.
             Was an Elder of Hepliaklqana.
             Slain by a five-headed hydra (9 damage)
             ... on level 1 of the Lair of Beasts.
             The game lasted 00:19:35 (8512 turns).

zeratav the Grappler (Troll Fighter)                Turns: 8512, Time: 00:19:36

Health: -4/107     AC:  9    Str: 38    XL:     12   Next: 4%
Magic:  17/17      EV:  9    Int:  6    God:    Hepliaklqana [****..]
Gold:   594        SH: 10    Dex:  9    Spells: 11/11 levels left

rFire   + . .      SeeInvis +   N - +4 mace "Nudeghak" {vorpal, rF+ Str+3, mace}
rCold   . . .      Faith    .   b - +0 kite shield
rNeg    . . .      Spirit   .   B - +2 robe {Will+}
rPois   .          Reflect  .   (helmet restricted)
rElec   .          Harm     .   M - +2 cloak {rCorr}
rCorr   +          Rampage  .   (gloves unavailable)
Will    +....                   (boots unavailable)
Stlth   +.........              J - amulet of regeneration {@e2}
HPRegen 1.87/turn               U - +6 ring of strength
MPRegen 0.15/turn               e - ring of see invisible

@: no status effects
A: reduced essence, large, unfitting armour, claws 3, regeneration 1, shaggy fur
1, tough skin 1
a: Renounce Religion, Recall Ancestor, Ancestor Identity, Transference, Idealise


You were on level 1 of the Lair of Beasts.
You worshipped Hepliaklqana.
Hepliaklqana was greatly pleased with you.
You visited 3 branches of the dungeon, and saw 12 of its levels.
You also visited: Ossuary and Bailey.

You collected 678 gold pieces.
You spent 84 gold pieces at shops.


Innate Abilities, Weirdness & Mutations

Your life essence is reduced to manifest your ancestor. (-10% HP)
You are too large for most types of armour.
You have claws for hands.
Your natural rate of healing is unusually fast.
You are covered in fur. (AC +1)
You have tough skin. (AC +1)


   Skills:
 - Level 8.0 Fighting
 - Level 2.4 Dodging
 - Level 10.0 Shields
 - Level 11.0 Unarmed Combat
 + Level 8.8 Invocations


You had 11 spell levels left.
You didn't know any spells.
Your spell library contained the following spells:

 Spells                   Type           Power      Damage    Failure   Level
 Apportation              Tloc           0%         N/A       67%         1
 Freeze                   Ice            0%         1d3       67%         1
 Necrotize                Necr           0%         1d4       67%         1
 Sandblast                Erth           0%         2d4       67%         1
 Slow                     Hex            0%         N/A       67%         1
 Summon Small Mammal      Summ           0%         N/A       67%         1
 Passwall                 Tmut/Erth      0%         N/A       80%         2
 Confusing Touch          Hex            0%         N/A       95%         3
 Frozen Ramparts          Ice            0%         1d2       95%         3
 Stone Arrow              Conj/Erth      0%         3d7       95%         3
 Vampiric Draining        Necr           0%         2d6       95%         3
 Animate Armour           Summ/Erth      0%         N/A       100%        4
 Hailstorm                Conj/Ice       0%         3d3       100%        4
 Lehudib's Crystal Spear  Conj/Erth      0%         10d2      100%        8

Inventory:

Hand Weapons
 y - a +4 antimagic flail {mace}
   (You took it off an orc on level 4 of the Dungeon)
 N - the +4 mace "Nudeghak" (weapon) {vorpal, rF+ Str+3, mace}
   (You found it on level 5 of the Dungeon)

   It inflicts extra damage upon your enemies.
   Str:       It affects your strength (+3).
   rF:        It protects you from fire.
Armour
 b - a +0 kite shield (worn)
 B - a +2 robe of willpower (worn)
   (You took it off an orc wizard on level 5 of the Dungeon)
 C - a +0 troll leather armour
   (You found it on level 10 of the Dungeon)
 M - a +2 cloak of preservation (worn)
   (You took it off Crazy Yiuf on level 5 of the Dungeon)
 O - a +2 robe of cold resistance
   (You took it off Fannar on level 1 of the Lair of Beasts)
Jewellery
 d - a ring of resist corrosion
   (You found it on level 1 of the Dungeon)
 e - a ring of see invisible (right claw)
   (You found it on level 1 of the Dungeon)
 x - an amulet of reflection
   (You found it on level 6 of the Dungeon)
 G - a ring of flight
   (You found it on level 10 of the Dungeon)
 J - an amulet of regeneration (around neck) {@e2}
   (You found it on level 5 of the Dungeon)
 U - a +6 ring of strength (left claw)
   (You found it on level 1 of the Lair of Beasts)
 W - a ring of fire
   (You found it on level 1 of the Lair of Beasts)
Wands
 v - a wand of mindburst (8)
   (You found it on level 3 of the Dungeon)
 w - a wand of paralysis (8)
   (You found it on level 3 of the Dungeon)
 H - a wand of acid (2)
   (You took it off an orc warrior on level 10 of the Dungeon)
 I - a wand of polymorph (11)
   (You found it on level 5 of the Dungeon)
 Q - a wand of flame (14)
   (You found it on level 6 of the Dungeon)
 S - a wand of charming (2)
   (You found it on level 10 of the Dungeon)
 V - a wand of iceblast (13)
   (You found it on level 7 of the Dungeon)
Scrolls
 h - a scroll of brand weapon
 j - 2 scrolls of fear
 m - a scroll of amnesia
 n - 2 scrolls of blinking {!r}
 o - 3 scrolls of vulnerability {!r!r}
 p - 3 scrolls of magic mapping {!r}
 q - 2 scrolls of poison {!r}
 s - a scroll of immolation {!r!r}
 u - a scroll of torment {!r}
 E - 2 scrolls of fog
 L - 3 scrolls of enchant armour
 P - a scroll of enchant weapon
Potions
 a - a potion of brilliance {unknown}
 c - 2 potions of might
 f - 2 potions of resistance
 g - a potion of magic {unknown}
 i - 5 potions of mutation {unknown}
 k - 3 potions of berserk rage {!q}
 l - 9 potions of curing {@q1}
 r - 4 potions of cancellation
 t - a potion of heal wounds {unknown}
 z - a potion of haste {unknown}
 A - 3 potions of invisibility {unknown}
 D - 2 potions of experience {unknown}
 F - 4 potions of attraction {!q}
 K - 2 potions of flight {unknown}
 R - 2 potions of lignification {unknown}
 T - 4 potions of ambrosia {unknown}

Dungeon Overview and Level Annotations

Branches:
Dungeon (10/15)            Temple (1/1) D:4            Lair (1/6) D:10
Ossuary (visited)          Bailey (visited)
    Orc: D:9-12

Altars:
Ashenzari
Cheibriados
Dithmenos
Elyvilon
Fedhas
Gozag
Hepliaklqana
Kikubaaqudgha
Makhleb
Nemelex Xobeh
Okawaru
Qazlal
Ru
Sif Muna
Trog
Uskayaw
Vehumet
Wu Jian
Xom
Yredelemnul
Zin
The Shining One

Shops:
D:2 * D:8

* ..≈≈≈≈≈≈≈≈.≈P....#
#..#.††...... .≈≈≈≈≈≈≈≈≈≈####...
#..##...†##.. .≈≈≈..≈≈≈≈..# ...#
#..##.#.#.... .≈≈≈≈<≈≈≈≈.# #..#
#.......#.#.. .≈≈≈≈.≈≈≈≈.# #..
#.....#...# . .≈≈≈≈≈≈≈≈≈.# #..##
#.....#(#.... .≈≈≈≈≈≈≈≈..#
#...###...#...+##..
...≈≈≈≈≈.$.######.$....##........
.....≈...!.##.8.@R.....#.....#.#.
...........#...hD#.##..#R........
#...##...###8.>S8####.........#.#
#.....# #........## . #.#...##
#........# #...#+# #........#
.##. #........... . #............
##........###


You could see the friendly Zdislav the knight, a five-headed hydra (ally
target), a water moccasin and a wolf.


Message History

You regained 2 hp, and now have 85/107 hp.
W - a ring of fire HP[+3]
You regained 3 hp, and now have 88/107 hp.
Found an escape hatch in the floor.
HP[+19]
Your hp is fully restored (107).
Found a stone staircase leading down.
No target in view!
No target in view!
No target in view!
No target in view!
No target in view!
No target in view!
No target in view!
No target in view!
No target in view!
No target in view!
No target in view!
No target in view!
No target in view!
No target in view!
No target in view!
No target in view!
A five-headed hydra comes into view.
The five-headed hydra roars!
You hear a howl! x2
A five-headed hydra is nearby!
A wolf comes into view.
You feel stronger.
N - the +4 mace "Nudeghak" (weapon)
{vorpal, rF+ Str+3, mace} You block the wolf's attack.
Zdislav hits the five-headed hydra with a +0 flail!
You block the wolf's attack.
The five-headed hydra barely misses you.
The five-headed hydra bites you.
You block the five-headed hydra's attack. x2
The five-headed hydra bites you but does no damage.
HP[-2]
You take 2 damage, and now have 105/107 hp.
You sock the five-headed hydra! You block the wolf's attack.
Zdislav closely misses the five-headed hydra.
You block the wolf's attack.
The five-headed hydra bites you but does no damage. x2
You block the five-headed hydra's attack.
The five-headed hydra closely misses you. x2
Zdislav hits the five-headed hydra with a +0 flail.
HP[+2]
Your hp is fully restored (107).
You thump the five-headed hydra! The wolf bites you but does no damage.
A water moccasin comes into view.
The wolf bites you but does no damage. The five-headed hydra bites you!
You block the five-headed hydra's attack.
The five-headed hydra bites you but does no damage.
The five-headed hydra closely misses you.
You block the five-headed hydra's attack.
Zdislav hits the five-headed hydra with a +0 flail.
The wolf bites you but does no damage.
The five-headed hydra bites you but does no damage.
The five-headed hydra bites you! The five-headed hydra bites you. x3
HP[-28]
You take 28 damage, and now have 79/107 hp.
MASSIVE DAMAGE!! (PAUSE)
You hit the five-headed hydra. The wolf completely misses you.
Zdislav hits the five-headed hydra with a +0 flail!
The wolf bites you.
You block the five-headed hydra's attack.
The five-headed hydra bites you! x2
You block the five-headed hydra's attack. x2
Zdislav hits the five-headed hydra with a +0 flail.
HP[-19]
You take 19 damage, and now have 60/107 hp.
You sock the five-headed hydra! The wolf barely misses you.
You block the wolf's attack. The five-headed hydra bites you!
* * * LOW HITPOINT WARNING * * *
The five-headed hydra bites you but does no damage. x2
You block the five-headed hydra's attack.
The five-headed hydra bites you!
* * * LOW HITPOINT WARNING * * *
Zdislav barely misses the five-headed hydra.
The wolf closely misses you.
The five-headed hydra barely misses you.
The five-headed hydra bites you!
* * * LOW HITPOINT WARNING * * *
The five-headed hydra bites you!
* * * LOW HITPOINT WARNING * * *
The five-headed hydra barely misses you.
The five-headed hydra bites you.
* * * LOW HITPOINT WARNING * * *
HP[-49]
You take 49 damage, and now have 11/107 hp.
MASSIVE DAMAGE!! (PAUSE)
You sock the five-headed hydra! You block the wolf's attack.
Zdislav hits the five-headed hydra with a +0 flail.
The wolf bites you but does no damage.
You block the five-headed hydra's attack.
The five-headed hydra bites you!
* * * LOW HITPOINT WARNING * * *
The five-headed hydra barely misses you.
The five-headed hydra bites you!
You die...

Skill      XL: |  1  2  3  4  5  6  7  8  9 10 11 |
---------------+----------------------------------+-----
Unarmed Combat | 3 4 5 6 7 9 11 | 11.0
Fighting       | 4 8 |  8.0
Shields        | 4 9 10 | 10.0
Invocations    | 8 |  8.8
Dodging        | |  2.4

Action                   |  1- 3 |  4- 6 |  7- 9 | 10-12 || total
-------------------------+-------+-------+-------+-------++-------
Melee: Unarmed           |    97 |   119 |   453 |   366 ||  1035
       Mace              |       |       |       |     8 ||     8
Invok: Ancestor Life: Kn |       |       |     1 |       ||     1
       Recall Ancestor   |       |       |       |     3 ||     3
  Use: Scroll            |       |     1 |       |    16 ||    17
       Potion            |       |       |     1 |     3 ||     4
 Stab: Sleeping          |     1 |       |       |       ||     1
       Distracted        |       |       |     2 |       ||     2
Armor: Robe              |    31 |    35 |   135 |   125 ||   326
Dodge: Dodged            |    46 |    32 |   159 |   133 ||   370
Block: Kite shield       |    45 |    39 |   160 |   186 ||   430

Levels and vault maps discovered:
D:1:      tarquinn_simple_flora_water_f, layout_loops_cross,
          dreamdust_princess_corridor, st_stairs_14,
          chequers_hall_statues_wall_a, minmay_pentomino_o2
D:2:      layout_basic, serial_shops, nicolae_square_shop
D:3:      layout_basic, shapermc_ecumenical_altar_petra
D:4:      layout_basic, minmay_temple_entry_metal_lava
D:5:      layout_loops_ring, mainiacjoe_overflow_alcove_4,
          chequers_ossuary_entry_cave, uniq_crazy_yiuf_cottage, uniq_grinder
D:6:      minmay_thinvault, layout_basic, kennysheep_mini, dk_rats_in_the_wall
D:7:      layout_rooms, mainiacjoe_overflow_boulevard,
          mainiacjoe_overflow_alcove_1, enter_bailey_7, kennysheep_small_square,
          uniq_prince_ribbit1, uniq_duvessa
D:8:      layout_loops_ring, serial_shops, nicolae_stop_n_shop_2,
          kennysheep_generic_room_4
D:9:      layout_loops_ring, lemuel_doored_altar, minivault_16,
          chequers_serial_rivers_micro_a
D:10:     layout_basic, lightli_temple_of_fire, due_lair_maze_entry_diamond
Temple:   nicolae_temple_elliptical
Lair:1:   layout_small_grid, chequers_serial_rivers_room_a, minivault_11,
          minivault_25, beast_lair_carwin_11, grunt_megastairs_3,
          serial_bayou_shore_b, infiniplex_staircase_pool_2, uniq_fannar

Notes
Turn   | Place    | Note
-------+----------+-------------------------------------------
     0 | D:1      | zeratav the Troll Fighter began the quest for the Orb.
     0 | D:1      | Reached XP level 1. HP: 22/22 MP: 0/0
     0 | D:1      | magus.rc [v1.9.6]
   178 | D:1      | Reached XP level 2. HP: 29/29 MP: 1/1
   223 | D:1      | Reached skill level 3 in Unarmed Combat
   463 | D:1      | Reached XP level 3. HP: 36/36 MP: 2/2
   510 | D:1      | You pick up a book of Cantrips and begin reading...
   510 | D:1      | You add the spells Necrotize, Summon Small Mammal and
                  | Apportation to your library.
   738 | D:2      | Reached skill level 4 in Unarmed Combat
   745 | D:2      | Reached XP level 4. HP: 32/44 MP: 3/3
  1050 | D:2      | Found Badat's Assorted Antiques.
  1166 | D:2      | Reached skill level 5 in Unarmed Combat
  1578 | D:3      | Found a faded altar of an unknown god.
  1780 | D:3      | Reached XP level 5. HP: 50/50 MP: 4/4
  2159 | D:4      | Reached skill level 6 in Unarmed Combat
  2163 | D:4      | Noticed an ogre
  2173 | D:4      | Killed an ogre
  2174 | D:4      | Reached XP level 6. HP: 49/59 MP: 5/5
  2243 | D:4      | Found a staircase to the Ecumenical Temple.
  2269 | Temple   | Entered the Ecumenical Temple
  2440 | Temple   | Became a worshipper of Hepliaklqana the Forgotten
  2482 | D:4      | You pick up a book of Geomancy and begin reading...
  2482 | D:4      | You add the spells Sandblast, Passwall and Stone Arrow to
                  | your library.
  2620 | D:4      | Reached skill level 7 in Unarmed Combat
  2629 | D:4      | You pick up a book of Debilitation and begin reading...
  2629 | D:4      | You add the spells Slow, Vampiric Draining and Confusing
                  | Touch to your library.
  2684 | D:4      | You pick up a book of Armaments and begin reading...
  2684 | D:4      | You add the spells Animate Armour and Lehudib's Crystal
                  | Spear to your library.
  2824 | D:5      | Entered Level 5 of the Dungeon
  2866 | D:5      | Reached XP level 7. HP: 64/66 MP: 6/6
  2953 | D:5      | Reached skill level 8 in Unarmed Combat
  3068 | D:5      | Noticed Grinder
  3100 | D:5      | Paralysed by Grinder for 4 turns
  3106 | D:5      | Paralysed by Grinder for 4 turns
  3113 | D:5      | Killed Grinder
  3114 | D:5      | Reached skill level 9 in Unarmed Combat
  3253 | D:5      | Found a sand-covered staircase.
  3261 | Ossuary  | Entered an ossuary
  3382 | Ossuary  | Reached XP level 8. HP: 61/74 MP: 7/7
  3476 | Ossuary  | Reached skill level 10 in Unarmed Combat
  3660 | D:5      | Found a runed translucent door.
  3661 | D:5      | Reached * piety under Hepliaklqana
  3661 | D:5      | Noticed Crazy Yiuf
  3973 | D:5      | Found a sparkling altar of Nemelex Xobeh.
  4060 | D:5      | Killed Crazy Yiuf
  4065 | D:5      | Identified the +4 mace "Nudeghak" {vorpal, rF+ Str+3}
  4257 | D:6      | Reached skill level 11 in Unarmed Combat
  4378 | D:6      | Reached skill level 3 in Fighting
  4467 | D:6      | Reached skill level 4 in Fighting
  4509 | D:6      | Reached XP level 9. HP: 76/76 MP: 8/8
  4585 | D:6      | Found a stormy altar of Qazlal.
  4625 | D:6      | Reached skill level 5 in Fighting
  4850 | D:7      | Reached ** piety under Hepliaklqana
  4851 | D:7      | Remembered your ancestor Zdislav as a knight
  4863 | D:7      | Noticed Dowan
  4871 | D:7      | Killed Dowan
  4896 | D:7      | Reached skill level 6 in Fighting
  5021 | D:7      | HP: 9/82 [orc warrior/+0 battleaxe (20)]
  5125 | D:7      | Reached skill level 7 in Fighting
  5136 | D:7      | Found a snail-covered altar of Cheibriados.
  5163 | D:7      | Found a flagged portal.
  5186 | Bailey   | Entered a bailey
  5350 | Bailey   | Reached skill level 8 in Fighting
  5365 | Bailey   | Reached skill level 3 in Shields
  5476 | Bailey   | Noticed a gargoyle
  5487 | Bailey   | Killed a gargoyle
  5488 | Bailey   | Reached skill level 4 in Shields
  5488 | Bailey   | Reached XP level 10. HP: 66/93 MP: 9/9
  5533 | Bailey   | Identified the +0 robe "Veib" {Harm rC- rCorr}
  5683 | D:7      | Noticed Duvessa
  5691 | D:7      | Killed Duvessa
  6038 | D:7      | Noticed Prince Ribbit
  6048 | D:7      | Killed Prince Ribbit
  6049 | D:7      | Reached skill level 5 in Shields
  6088 | D:7      | Found an iron altar of Okawaru.
  6143 | D:8      | Found Vaismosemo's General Store.
  6146 | D:8      | Bought a scroll of identify for 28 gold pieces
  6146 | D:8      | Bought a scroll of identify for 28 gold pieces
  6146 | D:8      | Bought a scroll of identify for 28 gold pieces
  6159 | D:8      | Noticed a two-headed ogre
  6167 | D:8      | Killed a two-headed ogre
  6168 | D:8      | Reached skill level 6 in Shields
  6269 | D:8      | Reached skill level 7 in Shields
  6518 | D:8      | Reached *** piety under Hepliaklqana
  6741 | D:8      | Reached skill level 8 in Shields
  6996 | D:9      | You pick up a book of Frost and begin reading...
  6996 | D:9      | You add the spells Freeze, Frozen Ramparts and Hailstorm to
                  | your library.
  7180 | D:9      | Found an ornate altar of the Wu Jian Council.
  7228 | D:9      | Reached skill level 9 in Shields
  7315 | D:9      | Reached XP level 11. HP: 96/99 MP: 10/10
  7605 | D:10     | Entered Level 10 of the Dungeon
  7622 | D:10     | Reached skill level 10 in Shields
  7626 | D:10     | Reached skill level 1 in Invocations
  7638 | D:10     | Reached skill level 2 in Invocations
  7776 | D:10     | Reached skill level 3 in Invocations
  7792 | D:10     | Reached skill level 4 in Invocations
  7816 | D:10     | Found a staircase to the Lair.
  7921 | D:10     | Found a bloodstained altar of Trog.
  7935 | D:10     | Reached skill level 5 in Invocations
  8260 | Lair:1   | Entered Level 1 of the Lair of Beasts
  8266 | Lair:1   | Reached skill level 6 in Invocations
  8282 | Lair:1   | Noticed Fannar
  8294 | Lair:1   | Killed Fannar
  8295 | Lair:1   | Reached skill level 7 in Invocations
  8322 | Lair:1   | Noticed a four-headed hydra
  8336 | Lair:1   | Killed a four-headed hydra
  8387 | Lair:1   | Reached skill level 8 in Invocations
  8416 | Lair:1   | Reached **** piety under Hepliaklqana
  8466 | Lair:1   | Reached XP level 12. HP: 87/107 MP: 17/17
  8502 | Lair:1   | Noticed a five-headed hydra
  8511 | Lair:1   | HP: 26/107 [five-headed hydra (12)]
  8511 | Lair:1   | HP: 11/107 [five-headed hydra (2)]
  8512 | Lair:1   | HP: 5/107 [five-headed hydra (9)]
  8512 | Lair:1   | Slain by a five-headed hydra

Vanquished Creatures
  Fannar (Lair:1)
  A hydra (Lair:1)
  A gargoyle (Bailey)
  A cane toad (Lair:1)
  2 komodo dragons (Lair:1)
  A troll (D:10)
  Grinder (D:5)
  Prince Ribbit (D:7)
  5 blink frogs (Lair:1)
  A shadow (D:10)
  2 wraiths (D:10)
  2 vampires
  18 yaks
  A wyvern (D:10)
  A yak (shapeshifter) (D:10)
  An acid dragon (D:8)
  2 water moccasins
  Duvessa (D:7)
  8 black bears
  6 orc warriors
  2 ogres
  3 centaurs
  A phantom (D:6)
  A kobold brigand (D:10)
  2 elf zombies (Ossuary)
  A gnoll sergeant (D:8)
  A necrophage (D:7)
  7 bullfrogs
  7 scorpions
  7 wights
  Dowan (D:7)
  12 killer bees
  7 vampire bats (Bailey)
  3 wolf zombies (Bailey)
  5 hounds
  3 jellies
  A human zombie (Ossuary)
  3 orc priests
  Crazy Yiuf (D:5)
  9 iguanas
  A gnoll shaman (D:8)
  11 orc wizards
  2 mummies (Ossuary)
  8 adders
  16 gnolls
  7 river rats (D:6)
  2 shadow imps
  4 white imps
  3 ufetubi
  2 adder zombies (Ossuary)
  3 worms
  4 dart slugs
  32 orcs
  7 endoplasms
  3 giant cockroaches (D:1)
  8 goblins
  5 hobgoblins
  9 jackals
  7 kobolds
  3 quokkas
  7 ball pythons
  7 bats
  6 frilled lizards
  10 hobgoblin zombies (Ossuary)
  4 jackal zombies (Ossuary)
  9 kobold zombies (Ossuary)
  25 orc zombies
  21 rats
360 creatures vanquished.

Vanquished Creatures (collateral kills)
  A two-headed ogre (D:8)
  5 yaks
  2 black bears (Lair:1)
  A centaur (D:8)
  A kobold brigand (D:7)
  A bullfrog (Lair:1)
  A scorpion (D:6)
  4 killer bees
  A vampire bat (Bailey)
  A wolf zombie (Bailey)
  2 orc wizards
  2 gnolls (D:8)
  3 orc zombies (Bailey)
  7 orcs
  2 kobolds (D:7)
  A rat (D:6)
35 creatures vanquished.

Vanquished Creatures (others)
  A knight (D:10)
  23 fungi
  26 plants
50 creatures vanquished.

Grand Total: 445 creatures vanquished

Table legend:
 A = Non-vault XP
 B = Vault XP
 C = Vault XP percentage of total XP
 D = Non-vault monster count
 E = Vault monster count
 F = Vault count percentage of total count
                 A         B        C        D         E       F
            +---------+---------+-------+---------+---------+-------
      Total |   15478 |    7087 |  31.4 |     252 |     143 |  36.2
            +---------+---------+-------+---------+---------+-------
        D:1 |      54 |       6 |  10.0 |      34 |       3 |   8.1
        D:2 |     102 |       0 |   0.0 |      15 |       0 |   0.0
        D:3 |      34 |       0 |   0.0 |      13 |       0 |   0.0
        D:4 |     408 |       0 |   0.0 |      23 |       0 |   0.0
        D:5 |     624 |     321 |  34.0 |      27 |       2 |   6.9
        D:6 |     410 |     900 |  68.7 |      10 |      36 |  78.3
        D:7 |     873 |     687 |  44.0 |      25 |      10 |  28.6
        D:8 |    2784 |     163 |   5.5 |      44 |       1 |   2.2
        D:9 |    2783 |       0 |   0.0 |      21 |       0 |   0.0
       D:10 |    3559 |    1403 |  28.3 |      26 |      11 |  29.7
     Lair:1 |    3847 |    1875 |  32.8 |      14 |       8 |  36.4
    Ossuary |       0 |     309 | 100.0 |       0 |      39 | 100.0
     Bailey |       0 |    1423 | 100.0 |       0 |      33 | 100.0
            +---------+---------+-------+---------+---------+-------

Illustrated notes

Table legend:
 A = Kills in this place as a percentage of kills in entire the game.
 B = Kills by you in this place as a percentage of kills by you in the entire game.
 C = Kills by friends in this place as a percentage of kills by friends in the entire game.
 D = Other kills in this place as a percentage of other kills in the entire game.
 E = Experience gained in this place as a percentage of experience gained in the entire game.
 F = Experience gained in this place divided by the number of levels of this place that you have seen.
                   A       B       C       D       E      F
               +-------+-------+-------+-------+-------+----------------------
         Total | 100.0 | 100.0 | 100.0 |   N/A | 100.0 | 1611.8
       Dungeon |  76.2 |  76.1 |  77.1 |   N/A |  67.0 | 1511.1
          Lair |   5.6 |   5.3 |   8.6 |   N/A |  25.4 | 5722.0
       Ossuary |   9.9 |  10.8 |   0.0 |   N/A |   1.4 | 309.0
        Bailey |   8.4 |   7.8 |  14.3 |   N/A |   6.3 | 1423.0
               +-------+-------+-------+-------+-------+----------------------

Table legend: (Time is in decaauts)
 A = Elapsed time spent in this place.
 B = Non-inter-level travel time spent in this place.
 C = Inter-level travel time spent in this place.
 D = Time resting spent in this place.
 E = Time spent auto-exploring this place.
 F = Levels seen in this place.
 G = Mean time per level.
                   A        B        C        D        E       F      G
               +--------+--------+--------+--------+--------+-----+--------+
         Total |   8501 |   8064 |    437 |    241 |   5532 |  14 |  607.2 |
       Dungeon |   7423 |   7025 |    398 |    216 |   5033 |  10 |  742.3 |
        Temple |    183 |    146 |     37 |      0 |    127 |   1 |  183.0 |
          Lair |    256 |    256 |      0 |     25 |     84 |   1 |  256.0 |
       Ossuary |    241 |    241 |      0 |      0 |     94 |   1 |  241.0 |
        Bailey |    396 |    396 |      0 |      0 |    194 |   1 |  396.0 |
               +--------+--------+--------+--------+--------+-----+--------+

Top non-repeatable levels by time:
     D:5: 1054 daAuts
     D:7: 897 daAuts
     D:8: 763 daAuts
     D:6: 715 daAuts
     D:2: 708 daAuts
     D:1: 701 daAuts
     D:3: 689 daAuts
     D:9: 681 daAuts
    D:10: 660 daAuts
     D:4: 551 daAuts
  Bailey: 396 daAuts
  Lair:1: 256 daAuts
 Ossuary: 241 daAuts
  Temple: 183 daAuts
